Map: Prion Terraces

Players

Taquacman - Winner!

  • Race: Terran Terran
  • League: Master

Miszu

  • Race: Terran Terran
  • League: Master

VOD

Have the link to the VOD?

Description

Time

  • Played on: March 10, 2016, 4:33 p.m.
  • Length: 8:43
Show
View Real Time Build Order
Export as new Build Order

Taquacman Terran - Winner!

Build Orders: MMM Bio 

Get SALT Encoding   

  12  0:01  SCV  
  13  0:13  SCV  
  14  0:17  Supply Depot  
  14  0:25  SCV  
  15  0:38  SCV  
  15  0:40  Barracks  
  16  0:49  Refinery  
  16  0:50  SCV  
  17  1:03  SCV  
  18  1:06  Barracks  
  18  1:15  SCV  
  19  1:31  Orbital Command  
  19  1:33  Reaper  
  19  1:34  Supply Depot  
  20  1:50  Refinery  
  20  1:52  Reaper  
  21  1:57  SCV  
  22  2:04  Barracks  
  22  2:09  SCV  
  22  2:10  Reaper  
  24  2:21  SCV  
  25  2:25  Reaper  
  25  2:28  Supply Depot  
  26  2:33  SCV  
  27  2:45  SCV  
  28  2:54  Reaper x2  
  30  3:01  Reaper  
  30  3:02  Command Center  
  31  3:07  SCV  
  31  3:11  Supply Depot  
  32  3:26  Reaper  
  32  3:28  Reaper  
  32  3:33  Reaper  
  34  3:48  SCV  
  34  3:54  Command Center, Barracks  
  35  3:58  Reaper  
  35  4:01  Factory  
  35  4:31  Marine  
  34  4:33  Orbital Command  
  35  4:41  Barracks Tech Lab  
  35  4:42  Barracks Reactor, Barracks  
  31  5:03  Marine x3  
  31  5:05  Starport  
  31  5:06  Stimpack  
  34  5:08  Orbital Command  
  34  5:13  Factory Tech Lab  
  32  5:15  SCV  
  32  5:17  SCV  
  32  5:20  Marine x2  
  32  5:21  Marine x2  
  37  5:25  Marine  
  37  5:27  SCV  
  40  5:33  Barracks Tech Lab  
  40  5:34  Siege Tank  
  43  5:36  SCV  
  43  5:37  Barracks Reactor  
  43  5:38  Marine  
  43  5:39  SCV  
  43  5:42  Marine  
  45  5:44  Marine  
  45  5:48  Marine x2, SCV  
  49  5:56  Marine  
  50  6:00  Marine  
  50  6:02  Marine  
  50  6:06  Marine x2, SCV x2  
  48  6:14  Marine x3  
  51  6:18  Marine  
  51  6:20  Medivac, Siege Tank  
  57  6:26  Marine x2  
  57  6:27  SCV x2  
  57  6:30  SCV  
  57  6:31  Marine  
  57  6:32  Marine  
  65  6:33  Marine  
  65  6:36  Marine  
  65  6:39  SCV x2  
  69  6:44  Marine, Barracks Tech Lab  
  69  6:46  SCV  
  70  6:50  Medivac  
  70  6:53  Marine  
  72  6:59  Marine x2  
  72  7:00  Marine x2  
  72  7:01  SCV  
  77  7:08  Supply Depot  
  77  7:09  Barracks Reactor, Engineering Bay, Supply Depot, Combat Shields  
  77  7:16  Marine x3, SCV  
  77  7:19  Refinery x2  
  77  7:20  Marine x2  
  77  7:21  Marine  
  84  7:29  Orbital Command  
  84  7:33  SCV  
  84  7:34  Marine x3, SCV  
  89  7:38  Marine x2  
  89  7:40  Starport Reactor, Siege Tank  
  95  7:44  Supply Depot  
  95  7:46  Marine  
  95  7:50  Marine  
  97  7:51  Marine x2  
  97  7:52  Marine  
  97  7:58  SCV x2  
  101  8:03  Supply Depot  
  101  8:06  Marine x2, SCV  
  101  8:07  Barracks Reactor  
  101  8:10  SCV x2  
  101  8:12  Marine x2  
  107  8:13  Marine  
  109  8:25  Marine, SCV x2  
  109  8:27  Supply Depot x3  
  112  8:30  SCV  
Show
View Real Time Build Order
Export as new Build Order

Miszu Terran 

Build Orders:  

Get SALT Encoding   

  12  0:01  SCV  
  13  0:13  SCV  
  14  0:17  Supply Depot  
  14  0:27  SCV  
  15  0:39  SCV  
  15  0:41  Barracks  
  16  0:52  SCV  
  16  0:55  Refinery  
  17  1:04  SCV  
  18  1:16  SCV  
  19  1:28  Orbital Command  
  19  1:37  Barracks Reactor  
  19  1:42  Command Center  
  19  1:52  Supply Depot  
  19  1:54  SCV  
  20  2:06  SCV  
  21  2:17  Marine x2  
  21  2:18  SCV  
  21  2:19  Factory  
  21  2:22  Refinery  
  24  2:30  SCV  
  24  2:35  Marine x2  
  27  2:42  SCV  
  27  2:43  Supply Depot  
  26  2:53  Marine  
  26  2:54  SCV  
  26  2:58  Orbital Command  
  28  3:01  Marine  
  29  3:06  SCV  
  29  3:09  Starport  
  29  3:20  Marine x2  
  29  3:25  Factory Tech Lab  
  26  3:28  SCV  
  26  3:30  SCV  
  27  3:38  Marine x2  
  27  3:46  SCV  
  26  3:50  SCV  
  26  3:51  Orbital Command  
  26  3:52  Siege Tank  
  30  3:56  Marine  
  30  3:58  SCV  
  30  4:02  SCV  
  33  4:07  Marine  
  33  4:09  Medivac  
  34  4:14  Marine  
  34  4:16  SCV  
  27  4:24  Marine  
  27  4:30  SCV  
  29  4:32  SCV  
  27  4:53  Marine  
  27  4:54  Marine  
  29  5:11  Marine  
  29  5:12  SCV x2  
  32  5:15  Marine  
  33  5:24  SCV x2  
  35  5:30  Marine  
  36  5:36  Marine, SCV x2  
  39  5:47  Marine  
  39  5:48  SCV  
  39  5:49  SCV  
  42  5:54  Marine  
  43  5:59  Siege Tank  
  46  6:05  Marine  
  46  6:08  SCV  
  50  6:11  Marine  
  52  6:32  SCV x2  
  54  6:36  Siege Tank  
  54  6:37  Supply Depot  
  53  6:42  Barracks  
  53  6:44  Barracks, SCV  
  54  6:56  SCV  
  54  6:58  Marine x2  
  54  6:59  Starport Reactor  
  54  7:00  SCV  
  57  7:03  Refinery x2  
  57  7:08  SCV  
  58  7:09  Barracks  
  58  7:10  Engineering Bay, Barracks, Siege Tank  
  58  7:12  Supply Depot, SCV  
  62  7:31  Barracks Tech Lab  
  62  7:34  Marine x2, SCV x2  
  62  7:35  Supply Depot  
  62  7:36  Barracks Tech Lab  
  66  7:37  Medivac x2  
  70  7:56  Supply Depot, Marine x2  
  70  7:57  SCV x2  
  70  7:58  Barracks Reactor, Supply Depot  
  74  8:04  Marine x3  
  77  8:09  SCV  
  78  8:17  Marine x2, SCV  
  84  8:21  Supply Depot, SCV  
  84  8:23  Marine x2  
  89  8:29  SCV  
Tags
 
Composition
MMM Bio
Matchup
TvT
Race
Terran
Add a new tag
Caveats
  • Supply blocks, unpowered buildings, or Contaminate may cause inaccurate times.
  • Supply counts are checked every 10 seconds.